 Dungeon Crawl Stone Soup version 0.30.0-18-gf1372a6a44 (webtiles) character file.

Game seed: 15779509719519661688

4114 qw the Cleaver (level 10, -3/64 HPs)
             Began as a Gargoyle Fighter on May 21, 2023.
             Slain by Erica
             ... wielding a +0 scimitar of flaming
              (9 damage)
             ... on level 8 of the Dungeon.
             The game lasted 00:03:53 (7668 turns).

qw the Cleaver (Gargoyle Fighter)                   Turns: 7668, Time: 00:03:53

Health: -3/64      AC: 26    Str: 24    XL:     10   Next: 26%
Magic:  10/10      EV:  7    Int:  9    God:
Gold:   365        SH:  5    Dex:  9    Spells: 9/9 levels left

rFire   . . .        Y - +1 war axe
rCold   . . .        c - +0 buckler
rNeg    + . .        m - +0 plate armour
rPois   inf          g - +1 hat
rElec   +            f - +0 cloak
rCorr   .            (no gloves)
SInv    .            (no boots)
Will    .....        (no amulet) Stlth
                     p - +4 ring of protection
HPRegen 0.30/turn    l - +4 ring of slaying {mikee}
MPRegen 0.12/turn

%: no passive effects
@: no status effects
A: sickness immunity, AC +7, negative energy resistance 1, electricity
resistance, torment resistance 1, petrification resistance
a: no special abilities


You were on level 8 of the Dungeon.
You visited 2 branches of the dungeon, and saw 9 of its levels.
You also visited: Ossuary.

You collected 365 gold pieces.


Innate Abilities, Weirdness & Mutations

You are immune to sickness and miasma.
Your stone body is resilient. (AC +7)
You are immune to poison.
You resist negative energy. (rN+)
You are resistant to electric shocks. (rElec)
You are resistant to unholy torment.
You are immune to petrification.


   Skills:
 - Level 8.0 Fighting
 + Level 10.3 Axes
 - Level 1.3 Throwing
 - Level 6.0 Armour
 - Level 1.0 Dodging
 - Level 5.7 Shields


You had 9 spell levels left.
You didn't know any spells.
Your spell library was empty.

Inventory:

Hand Weapons
 o - a +0 morningstar
 Y - a +1 war axe (weapon)
Armour
 c - a +0 buckler (worn)
 f - a +0 cloak (worn)
 g - a +1 hat (worn)
 m - a +0 plate armour (worn)
Jewellery
 l - a +4 ring of slaying (right hand) {mikee}
 p - a +4 ring of protection (left hand)
Scrolls
 h - 4 scrolls of teleportation
 n - 4 scrolls of identify
Potions
 b - 2 potions of lignification
 d - 3 potions of might
 e - 3 potions of heal wounds
 i - 3 potions of curing
 j - 3 potions of mutation
 k - a potion of resistance
 q - a potion of attraction

Dungeon Overview and Level Annotations

Branches:
Dungeon (8/15)             Temple (1/1) D:7         Ossuary (visited)
   Lair: D:8-11

Altars:
Ashenzari
Cheibriados
Elyvilon
Fedhas
Gozag
Hepliaklqana
Nemelex Xobeh
Sif Muna
Trog
Uskayaw
Vehumet
Wu Jian
Xom
Yredelemnul
Zin

Shops:
D:5 :

Annotations:
D:8 Erica


Message History

You swing at nothing.
You swing at nothing.
You hear some strange, mumbled words.
A lance of force appears from out of thin air!
The lance of force hits you.
You are knocked back by the lance of force.
You slam into the rock wall!
You swing at nothing.
You closely miss something. Something hits you but does no damage.
You miss something. Something hits you but does no damage.
You miss something. Something hits you but does no damage.
You slash something! Something hits you but does no damage.
You miss something. Something hits you but does no damage.
You barely miss something. Something hits you but does no damage.
You slash something!
You hear some strange, mumbled words.
A bolt of poison appears from out of thin air!
The bolt of poison hits you but does no damage.
You resist.
You hit something but do no damage.
You hear some strange, mumbled words.
A lance of force appears from out of thin air!
The lance of force hits you!!
You are knocked back by the lance of force.
You slam into the rock wall!
You miss something.
You hear some strange, mumbled words.
A lance of force appears from out of thin air!
The lance of force hits you!
You are knocked back by the lance of force.
You slam into the rock wall!
You hit something. Something hits you!
You die...

#.......# #.......# ##.#
#.......# ####.......## #..
#.......###...........######.
#.....................)......
#.......###...#######...#..##
#.......# #[....# #.#....##
#...##### #..#..# #...#.###
#...# #.{#.######.#......
##.########.@...........#....
#.#........##........#......
#.#.............####...#....
#.#........####.# #.#......
#.#...)....# #.####...#.###
#.#........# #......#)..#
#.#........########....#.#
#[............#<.........#
#############.#####.######


There were no monsters in sight!

Vanquished Creatures
  Joseph (D:8)
  Psyche (D:8)
  A hornet (D:7)
  Grinder (D:6)
  Menkaure (D:7)
  2 water moccasins (D:6)
  A black bear (D:8)
  4 ice beasts
  An orc warrior (D:7)
  2 sky beasts
  A centaur (D:8)
  A phantom (D:5)
  3 elf zombies (Ossuary)
  2 kobold brigands
  2 scorpions
  2 bullfrogs
  3 wights (D:7)
  6 killer bees (D:8)
  2 howler monkeys
  A centaur zombie (Ossuary)
  A jelly (D:4)
  3 hounds
  2 orc priests
  A human zombie (Ossuary)
  Jessica (D:2)
  3 iguanas (D:5)
  3 sleepcaps
  2 orc wizards
  A hound zombie (Ossuary)
  3 mummies (Ossuary)
  4 gnolls (D:3)
  13 adders
  3 white imps
  7 adder zombies (Ossuary)
  2 worms (D:2)
  A dart slug (D:5)
  21 orcs
  6 bats
  2 endoplasms (D:4)
  3 giant cockroaches
  6 goblins
  7 hobgoblins
  6 jackals
  13 kobolds
  3 quokkas
  3 ball pythons
  2 frilled lizards (D:1)
  6 goblin zombies (Ossuary)
  3 hobgoblin zombies (Ossuary)
  2 jackal zombies (Ossuary)
  2 kobold zombies (Ossuary)
  4 quokka zombies (Ossuary)
  6 rats
  3 rat zombies (Ossuary)
186 creatures vanquished.

Notes
Turn   | Place    | Note
-------+----------+-------------------------------------------
     0 | D:1      | qw the Gargoyle Fighter began the quest for the Orb.
     0 | D:1      | Reached XP level 1. HP: 14/14 MP: 1/1
     0 | D:1      | 0 ||| qw: Version: 0.2-a-98-g5d7165a
     0 | D:1      | 0 ||| qw: Game counter: 6
     0 | D:1      | 0 ||| qw: Always use a shield: true
     0 | D:1      | 0 ||| qw: God list: Okawaru
     0 | D:1      | 0 ||| qw: Allow faded altars: false
     0 | D:1      | 0 ||| qw: Do Orc after D:15 true
     0 | D:1      | 0 ||| qw: Do second Lair branch before Depths: true
     0 | D:1      | 0 ||| qw: Lair rune preference: random
     0 | D:1      | 0 ||| qw: Plans: Normal, Zot:1-4, God:TSO, Crypt, Tomb,
                  | Pan, Slime:5, Hells, Abyss, Win
     0 | D:1      | 0 ||| PLANNING D:1-11
    59 | D:1      | Reached skill level 2 in Axes
   273 | D:1      | Reached XP level 2. HP: 19/19 MP: 2/2
   612 | D:1      | Reached skill level 3 in Axes
   935 | D:1      | 935 ||| UPGRADING to +1 hat.
   940 | D:1      | 940 ||| UPGRADING to +0 plate armour.
   950 | D:1      | 950 ||| DROPPING +0 scale mail.
   951 | D:1      | 951 ||| READING scroll labelled ELETO MEHEKHLI.
   952 | D:1      | 952 ||| READING scroll labelled TYMNOTH XEGGUDD.
   957 | D:1      | 957 ||| READING scroll labelled VESUIPR ZYMUR.
   958 | D:1      | 958 ||| DRINKING 2 black potions.
   964 | D:1      | 964 ||| DROPPING potion of ambrosia.
  1013 | D:2      | Reached XP level 3. HP: 23/23 MP: 3/3
  1049 | D:2      | 1049 ||| Stepping ~*~*~tactically~*~*~ (stealth).
  1050 | D:2      | 1050 ||| Stepping ~*~*~tactically~*~*~ (stealth).
  1054 | D:2      | 1054 ||| Stepping ~*~*~tactically~*~*~ (stealth).
  1056 | D:2      | 1056 ||| Stepping ~*~*~tactically~*~*~ (stealth).
  1210 | D:2      | 1210 ||| Stepping ~*~*~tactically~*~*~ (hiding).
  1213 | D:2      | 1213 ||| Stepping ~*~*~tactically~*~*~ (hiding).
  1266 | D:2      | 1266 ||| DROPPING +0 club.
  1288 | D:2      | Noticed Jessica
  1289 | D:2      | 1289 ||| Stepping ~*~*~tactically~*~*~ (stealth).
  1291 | D:2      | 1291 ||| Stepping ~*~*~tactically~*~*~ (hiding).
  1302 | D:2      | Killed Jessica
  1303 | D:2      | Reached XP level 4. HP: 28/28 MP: 4/4
  1316 | D:2      | Reached skill level 4 in Axes
  2050 | D:2      | 2050 ||| UPGRADING to +0 cloak.
  2055 | D:2      | 2055 ||| READING 3 scrolls labelled KUSAONK WUNKOPH.
  2156 | D:2      | 2156 ||| READING 3 scrolls of identify.
  2156 | D:2      | 2156 ||| IDENTIFYING bubbling pink potion
  2157 | D:2      | 2157 ||| READING 2 scrolls of identify.
  2157 | D:2      | 2157 ||| IDENTIFYING fuming white potion
  2158 | D:2      | 2158 ||| DROPPING 2 scrolls of silence.
  2159 | D:2      | 2159 ||| DROPPING potion of brilliance.
  2431 | D:3      | 2431 ||| Stepping ~*~*~tactically~*~*~ (stealth).
  2432 | D:3      | 2432 ||| Stepping ~*~*~tactically~*~*~ (stealth).
  2563 | D:3      | 2563 ||| UPGRADING to +4 ring of protection.
  2564 | D:3      | 2564 ||| READING 2 scrolls labelled YPHAQA TYXZU.
  2565 | D:3      | 2565 ||| READING scroll labelled IBLO YKKISK.
  2566 | D:3      | 2566 ||| DRINKING 2 silvery potions.
  2567 | D:3      | 2567 ||| READING 2 scrolls of identify.
  2567 | D:3      | 2567 ||| IDENTIFYING murky coppery potion
  2568 | D:3      | 2568 ||| DROPPING scroll of fear.
  2589 | D:4      | 2589 ||| PLANNING OSSUARY
  2595 | D:4      | 2595 ||| STAIRDANCE
  2598 | D:3      | Reached XP level 5. HP: 28/32 MP: 5/5
  2624 | D:3      | 2624 ||| DROPPING +0 whip.
  2726 | D:4      | Reached skill level 5 in Axes
  2763 | D:4      | 2763 ||| Stepping ~*~*~tactically~*~*~ (stealth).
  2781 | D:4      | Reached XP level 6. HP: 39/39 MP: 6/6
  3106 | D:4      | Found a sand-covered staircase.
  3107 | D:4      | 3107 ||| READING scroll labelled DED IR DIAWA.
  3108 | D:4      | 3108 ||| READING scroll labelled QETIHIUCLA.
  3109 | D:4      | 3109 ||| READING scroll labelled XEXKONTE CITUF.
  3113 | Ossuary  | Entered an ossuary
  3123 | Ossuary  | 3123 ||| Stepping ~*~*~tactically~*~*~ (stealth).
  3308 | Ossuary  | 3308 ||| Stepping ~*~*~tactically~*~*~ (stealth).
  3317 | Ossuary  | 3317 ||| Stepping ~*~*~tactically~*~*~ (stealth).
  3388 | Ossuary  | 3388 ||| Stepping ~*~*~tactically~*~*~ (stealth).
  3408 | Ossuary  | Reached skill level 6 in Axes
  3446 | Ossuary  | 3446 ||| Stepping ~*~*~tactically~*~*~ (stealth).
  3447 | Ossuary  | 3447 ||| Stepping ~*~*~tactically~*~*~ (stealth).
  3448 | Ossuary  | 3448 ||| Stepping ~*~*~tactically~*~*~ (stealth).
  3450 | Ossuary  | 3450 ||| Stepping ~*~*~tactically~*~*~ (stealth).
  3478 | Ossuary  | 3478 ||| Stepping ~*~*~tactically~*~*~ (stealth).
  3506 | Ossuary  | Reached XP level 7. HP: 22/44 MP: 7/7
  3715 | Ossuary  | 3715 ||| DRINKING 2 sapphire potions.
  3716 | Ossuary  | 3716 ||| READING 3 scrolls of identify.
  3716 | Ossuary  | 3716 ||| IDENTIFYING smoky golden potion
  3717 | Ossuary  | 3717 ||| DROPPING potion of magic.
  3728 | D:4      | 3728 ||| PLANNING D:1-11
  3990 | D:5      | Entered Level 5 of the Dungeon
  3994 | D:5      | 3994 ||| Stepping ~*~*~tactically~*~*~ (hiding).
  4001 | D:5      | 4001 ||| Stepping ~*~*~tactically~*~*~ (stealth).
  4048 | D:5      | Found Mutwoab's Book Shop.
  4091 | D:5      | Reached skill level 7 in Axes
  4114 | D:5      | Reached XP level 8. HP: 41/48 MP: 8/8
  4163 | D:5      | 4163 ||| Stepping ~*~*~tactically~*~*~ (hiding).
  4167 | D:5      | 4167 ||| Stepping ~*~*~tactically~*~*~ (hiding).
  4321 | D:5      | Found a blossoming altar of Fedhas.
  4442 | D:5      | Reached skill level 1 in Dodging
  4487 | D:5      | Reached skill level 1 in Throwing
  4822 | D:5      | Identified the +5 sling of Nemelex Xobeh's Regard {flame,
                  | rPois rC+ Will++}
  4827 | D:5      | 4827 ||| READING scroll labelled ASIUNN HIXENA.
  4828 | D:5      | 4828 ||| READING scroll labelled IQEEW WYXZO.
  4829 | D:5      | 4829 ||| READING 4 scrolls of identify.
  4829 | D:5      | 4829 ||| IDENTIFYING fizzy red potion
  4879 | D:6      | Reached skill level 8 in Axes
  4929 | D:6      | Noticed Grinder
  4935 | D:6      | Paralysed by Grinder for 4 turns
  4947 | D:6      | Reached skill level 6 in Fighting
  4951 | D:6      | Killed Grinder
  4959 | D:6      | Reached XP level 9. HP: 33/55 MP: 9/9
  4959 | D:6      | 4959 ||| Stepping ~*~*~tactically~*~*~ (stealth).
  5369 | D:6      | 5369 ||| UPGRADING to +4 ring of slaying {mikee}.
  5370 | D:6      | 5370 ||| READING scroll labelled RYTSUIMNOLAS.
  5504 | D:7      | Reached skill level 9 in Axes
  5510 | D:7      | Noticed a hornet
  5530 | D:7      | Killed a hornet
  5853 | D:7      | Found a staircase to the Ecumenical Temple.
  5854 | D:7      | 5854 ||| PLANNING TEMPLE
  5854 | D:7      | 5854 ||| READING scroll labelled XEUTIENAKH.
  5855 | D:7      | 5855 ||| READING 4 scrolls of identify.
  5855 | D:7      | 5855 ||| IDENTIFYING green potion
  5862 | Temple   | Entered the Ecumenical Temple
  6001 | Temple   | 6001 ||| PLANNING D:1-11
  6033 | D:7      | 6033 ||| Stepping ~*~*~tactically~*~*~ (stealth).
  6035 | D:7      | 6035 ||| Stepping ~*~*~tactically~*~*~ (stealth).
  6115 | D:7      | 6115 ||| Stepping ~*~*~tactically~*~*~ (hiding).
  6163 | D:7      | 6163 ||| DROPPING +0 flail.
  6170 | D:7      | 6170 ||| Stepping ~*~*~tactically~*~*~ (hiding).
  6171 | D:7      | 6171 ||| Stepping ~*~*~tactically~*~*~ (hiding).
  6177 | D:7      | 6177 ||| Stepping ~*~*~tactically~*~*~ (hiding).
  6347 | D:7      | Reached skill level 6 in Armour
  6350 | D:7      | 6350 ||| Stepping ~*~*~tactically~*~*~ (hiding).
  6412 | D:7      | Noticed Menkaure
  6413 | D:7      | 6413 ||| Stepping ~*~*~tactically~*~*~ (hiding).
  6418 | D:7      | Killed Menkaure
  6522 | D:7      | Found a white marble altar of Elyvilon.
  6824 | D:8      | Noticed Psyche
  6825 | D:8      | 6825 ||| Stepping ~*~*~tactically~*~*~ (hiding).
  6826 | D:8      | 6826 ||| Stepping ~*~*~tactically~*~*~ (hiding).
  6835 | D:8      | Killed Psyche
  6836 | D:8      | Reached skill level 10 in Axes
  6873 | D:8      | 6873 ||| Stepping ~*~*~tactically~*~*~ (stealth).
  6883 | D:8      | Reached XP level 10. HP: 63/63 MP: 10/10
  6901 | D:8      | 6901 ||| Stepping ~*~*~tactically~*~*~ (stealth).
  6930 | D:8      | Noticed Joseph
  6931 | D:8      | 6931 ||| Stepping ~*~*~tactically~*~*~ (stealth).
  6933 | D:8      | Noticed Erica
  6943 | D:8      | 6943 ||| DRINKING 5 potions of curing.
  6943 | D:8      | 6943 ||| (to cure confusion)
  6947 | D:8      | Killed Joseph
  6956 | D:8      | HP: 14/64 [Erica/+0 scimitar of flaming (5)]
  6957 | D:8      | 6957 ||| READING 5 scrolls of teleportation.
  6958 | D:8      | 6958 ||| DRINKING 4 potions of curing.
  6958 | D:8      | 6958 ||| (to cure confusion)
  7388 | D:8      | Found a broken altar of Ashenzari.
  7630 | D:8      | 7630 ||| Stepping ~*~*~tactically~*~*~ (stealth).
  7632 | D:8      | 7632 ||| Stepping ~*~*~tactically~*~*~ (hiding).
  7667 | D:8      | HP: 6/64 [something/lance of force (12)]
  7668 | D:8      | Slain by Erica

Levels and vault maps discovered:
D:1:      dpeg_arrival_tiny_j, layout_basic
D:2:      layout_loops_corners, uniq_crazy_yiuf_cottage, uniq_jessica
D:3:      layout_basic, grunt_decor_one_mirror
D:4:      layout_basic, enter_ossuary_5
D:5:      layout_rooms, mainiacjoe_overflow_six_doors_small, serial_shops, shop,
          hangedman_decor_riveting, st_stairs_10, roderic_roman_lattice,
          kennysheep_dice
D:6:      layout_rooms, uniq_grinder
D:7:      layout_basic, elyvilon_altar_5, minmay_temple_entry_hall,
          uniq_menkaure
D:8:      layout_basic, lemuel_crystal_altar, minmay_misc_feat_pillars,
          uniq_joseph, uniq_psyche, uniq_erica
Temple:   hellmonk_temple_forest_ring

Skill      XL: |  1  2  3  4  5  6  7  8  9 10 |
---------------+-------------------------------+-----
Axes           | 2 3 4 5 6 7 8 10 | 10.3
Fighting       | 4 6 7 8 |  8.0
Armour         | 4 5 6 |  6.0
Dodging        | 1 |  1.0
Throwing       | 1 |  1.3
Shields        | 4 5 |  5.7

Action                     |  1- 3 |  4- 6 |  7- 9 | 10-12 || total
---------------------------+-------+-------+-------+-------++-------
  Melee: War axe           |   104 |   224 |   311 |    84 ||   723
  Throw: Boomerang         |       |    53 |    73 |       ||   126
    Use: Scroll            |     3 |     9 |     7 |     1 ||    20
         Potion            |     1 |     1 |     1 |     2 ||     5
 Armour: Scale mail        |    26 |       |       |       ||    26
         Plate armour      |    45 |   156 |   215 |    81 ||   497
  Dodge: Dodged            |    38 |    45 |    77 |    18 ||   178
  Block: Buckler           |    20 |    32 |    50 |    18 ||   120

Table legend:
 A = Non-vault XP
 B = Vault XP
 C = Vault XP percentage of total XP
 D = Non-vault monster count
 E = Vault monster count
 F = Vault count percentage of total count
                 A         B        C        D         E       F
            +---------+---------+-------+---------+---------+-------
      Total |    4044 |    1834 |  31.2 |     139 |      47 |  25.3
            +---------+---------+-------+---------+---------+-------
        D:1 |      32 |       0 |   0.0 |      21 |       0 |   0.0
        D:2 |      76 |      37 |  32.7 |      15 |       1 |   6.2
        D:3 |      72 |       0 |   0.0 |      13 |       0 |   0.0
        D:4 |     127 |       0 |   0.0 |      14 |       0 |   0.0
        D:5 |     649 |      34 |   5.0 |      19 |       6 |  24.0
        D:6 |     903 |     290 |  24.3 |      17 |       1 |   5.6
        D:7 |    1293 |     183 |  12.4 |      25 |       1 |   3.8
        D:8 |     892 |     798 |  47.2 |      15 |       2 |  11.8
    Ossuary |       0 |     492 | 100.0 |       0 |      36 | 100.0
            +---------+---------+-------+---------+---------+-------
